 Dungeon Crawl Stone Soup version 0.29.1-15-g9cfb28693d (webtiles) character file.

Game seed: 15215710694872612572

28735 growler the Devastator (level 13, -1/86 HPs)
             Began as a Tengu Conjurer on May 2, 2023.
             Was an Elder of Vehumet.
             Slain by a cane toad (22 damage)
             ... on level 3 of the Lair of Beasts on May 3, 2023.
             The game lasted 01:04:14 (17612 turns).

growler the Devastator (Tengu Conjurer)            Turns: 17612, Time: 01:04:14

Health: -1/86      AC:  7    Str:  8    XL:     13   Next: 40%
Magic:  5/26       EV: 13    Int: 26    God:    Vehumet [****..]
Gold:   793        SH:  3    Dex: 10    Spells: 9/28 levels left

rFire   + + .      SeeInvis +   t - +4 war axe of Doomed Purpose {flame, rF+ rC+ Stlth+}
rCold   + . .      Faith    .   K - +0 buckler
rNeg    . . .      Spirit   .   j - +0 steam dragon scales
rPois   +          Reflect  .   (helmet restricted)
rElec   +          Harm     .   E - +1 cloak of the Elephant {+Inv Int+2 Dex-2}
rCorr   .          Rampage  .   (no gloves)
Will    .....                   (boots unavailable)
Stlth   +++.......              B - amulet of magic regeneration
HPRegen 0.24/turn               f - ring of poison resistance
MPRegen 0.60/turn               V - ring "Goqaikha" {rElec rF+ SInv}

@: flying quickly and evasively, quick
A: beak, talons 3, nimble flight
a: Renounce Religion, Evoke Invisibility


You were on level 3 of the Lair of Beasts.
You worshipped Vehumet.
Vehumet was greatly pleased with you.
You visited 3 branches of the dungeon, and saw 16 of its levels.

You collected 793 gold pieces.

Inventory:

Hand Weapons
 t - the +4 war axe of Doomed Purpose (weapon) {flame, rF+ rC+ Stlth+}
   (You found it on level 3 of the Dungeon)

   It burns those it strikes, dealing additional fire damage.
   Big, fiery blades are also staple armaments of hydra-hunters.
   rF:        It protects you from fire.
   rC:        It protects you from cold.
   Stlth:     It makes you more stealthy.
Armour
 a - a +1 robe
 j - +0 steam dragon scales (worn)
 q - a +2 cloak
 E - the +1 cloak of the Elephant (worn) {+Inv Int+2 Dex-2}
   (You found it on level 6 of the Dungeon)

   Int:       It affects your intelligence (+2).
   Dex:       It affects your dexterity (-2).
   +Inv:      It lets you turn invisible.
 K - a +0 buckler (worn)
 R - a +0 troll leather armour
Jewellery
 f - a ring of poison resistance (left hand)
 i - an amulet of the acrobat
 r - a ring of positive energy
 u - a +6 ring of strength
 B - an amulet of magic regeneration (around neck)
 F - an amulet of reflection
 G - a +4 ring of protection
 J - a ring of positive energy
 N - a ring of positive energy
 Q - a +4 ring of protection
 V - the ring "Goqaikha" (right hand) {rElec rF+ SInv}
   (You found it on level 1 of the Lair of Beasts)

   [ring of see invisible]

   rF:        It protects you from fire.
   rElec:     It insulates you from electricity.
   SInv:      It lets you see invisible.
 W - a ring of resist corrosion
Wands
 L - a wand of flame (13)
 M - a wand of paralysis (25)
 P - a wand of acid (10)
 S - a wand of digging (3)
Scrolls
 c - 2 scrolls of blinking
 d - a scroll of butterflies
 e - 4 scrolls of magic mapping
 g - 2 scrolls of identify
 h - 2 scrolls of enchant weapon
 l - 3 scrolls of vulnerability
 m - 2 scrolls of immolation
 o - a scroll of amnesia
 p - a scroll of summoning
 y - 4 scrolls of poison
 C - 2 scrolls of fear
 D - 3 scrolls of teleportation
 H - 2 scrolls of enchant armour
 O - a scroll of brand weapon
 T - 2 scrolls of silence
Potions
 b - 2 potions of magic
 k - 8 potions of curing
 n - 2 potions of attraction
 s - 5 potions of might
 v - a potion of invisibility
 w - 2 potions of heal wounds
 x - 3 potions of lignification
 z - 2 potions of brilliance
 A - a potion of haste
 I - 3 potions of resistance
 U - a potion of ambrosia


   Skills:
 + Level 12.3 Fighting
 - Level 2.1 Dodging
 - Level 2.0 Stealth
 + Level 8.1 Spellcasting
 + Level 17.8 Conjurations
 - Level 4.0 Hexes
 + Level 11.3 Air Magic


You had 9 spell levels left.
You knew the following spells:

 Your Spells              Type           Power      Damage    Failure   Level
a - Magic Dart            Conj           100%       1d8       0%          1
b - Searing Ray           Conj           100%       2d8       0%          2
c - Dazzling Flash        Conj/Hex       100%       N/A       1%          3
d - Fulminant Prism       Conj/Hex       30%        3d16      1%          4
e - Iskenderun's Mystic   Conj/Tloc      54%        2d12      1%          4
f - Lightning Bolt        Conj/Air       36%        1d54      1%          5

Your spell library contained the following spells:

 Spells                   Type           Power      Damage    Failure   Level
 Flame Wave               Conj/Fire      54%        2d13      1%          4
 Poisonous Vapours        Pois/Air       80%        N/A       1%          2
 Conjure Flame            Conj/Fire      54%        6-21      1%          3
 Sticky Flame             Conj/Fire      54%        2d7       1%          4
 Inner Flame              Hex/Fire       21%        N/A       2%          3
 Ignite Poison            Fire/Tmut/Pois 10%        N/A       6%          3
 Summon Lightning Spire   Summ/Air       40%        N/A       8%          4
 Corpse Rot               Necr/Pois/Air  30%        N/A       16%         4
 Olgreb's Toxic Radiance  Pois           10%        N/A       19%         4
 Ozocubu's Armour         Ice            10%        N/A       22%         3
 Spider Form              Tmut/Pois      10%        N/A       22%         3
 Lee's Rapid Deconstruct  Erth           5%         3d7*      45%         5
 Eringya's Noxious Bog    Tmut/Pois      5%         N/A       94%         6
 Ozocubu's Refrigeration  Ice            5%         4d8       100%        7


Dungeon Overview and Level Annotations

Branches:
Dungeon (12/15)            Temple (1/1) D:6            Lair (3/5) D:9
 Shoals (0/4) Lair:2       Spider (0/4) Lair:2          Orc (0/2) D:10

Altars:
Ashenzari
Cheibriados
Dithmenos
Fedhas
Gozag
Hepliaklqana
Kikubaaqudgha
Makhleb
Nemelex Xobeh
Okawaru
Qazlal
Ru
Sif Muna
Trog
Uskayaw
Vehumet
Wu Jian
Xom
Yredelemnul
Zin
The Shining One

Shops:
D:1 [   D:2 [


Innate Abilities, Weirdness & Mutations

You have a beak for a mouth.
You have claws for feet.
Your magical nature lets you fly swiftly and evasively.


Message History

The cane toad barely misses you. The burning bush throws fire at you.
The puff of flame hits your fulminant prism.
Your fulminant prism resists.
The blink frog hits you!
Your fulminant prism explodes!
The blast of energy engulfs the bush!!!
The bush is almost destroyed.
The blast of energy engulfs the burning bush!
You destroy the burning bush!
Vehumet accepts your kill.
You feel your power returning.
You hear a trumpeting!
You hear a bellow! x2
The blink frog attacks as you move away!
The blink frog misses you.
The blink frog blinks!
The blink frog blinks!
The cane toad barely misses you.
Casting: Fulminant Prism (safe; 1% risk of failure)
Confirm with . or Enter, or press ? or * to list all spells.
Aiming: Lightning Bolt (safe; 1% risk of failure)
Press: ? - help, Shift-Dir - straight line, f - cane toad
Aim: a cane toad (69% to hit)
You hear a mighty clap of thunder!
The bolt of lightning hits the cane toad!!!
The cane toad is almost dead.
You hear a trumpeting!
You hear a bellow!
The cane toad stings you. The cane toad attacks as you move away!
The cane toad stings you! The cane toad attacks as you move away!
The cane toad barely misses you.
An elephant comes into view.
The cane toad attacks as you move away! The cane toad stings you!
The elephant tramples you!
You hold your ground!
The elephant closely misses you. The cane toad stings you!
* * * LOW HITPOINT WARNING * * *
You block the elephant's attack. The elephant closely misses you.
The blink frog blinks!
The cane toad attacks as you move away! The cane toad stings you!!
You die...

### ############ ## #P######
#.##.#.#P#. ##
P##.#####..#...#####....P...P##.#
..............§........$.)P......
...........#.###......#.#.#.P.P..
......†.....#.P......#.....#.....
##.#.#....##....@..P#.......#P...
####......#...YF.......<........
..>#.............P.#..>8<..#....
.........##......§.....<........
.F.#.....######P.P#.......#P...
#..##....##.#P###...#.....#.....
... #.......D........#.#.#.P.P..
....................P...P......
...........................P....


You could see an elephant and a cane toad.

Vanquished Creatures
  3 hydras
  A two-headed ogre (D:11)
  A centaur warrior (D:9)
  A boulder beetle (D:11)
  A tengu warrior (D:9)
  Amaemon (D:8)
  2 cyclopes (D:9)
  5 elephants (Lair:3)
  2 manticores
  3 black mambas
  3 merfolk sirens (Lair:2)
  5 cane toads
  Maurice (D:8)
  An orange demon (D:8)
  2 komodo dragons
  2 rime drakes
  A meliai (Lair:2)
  A polar bear (Lair:2)
  2 burning bushes (Lair:3)
  A merfolk (Lair:2)
  7 blink frogs (Lair:2)
  5 trolls
  Prince Ribbit (D:6)
  3 wraiths
  26 yaks
  4 wyverns
  2 basilisks
  Grum (D:8)
  3 steam dragons
  3 vampire mosquitoes (D:9)
  An acid dragon (D:8)
  Menkaure (D:4)
  7 water moccasins
  A sky beast (D:7)
  A black bear (D:4)
  3 orc warriors
  An ice beast (D:6)
  3 ogres
  4 wolves (D:8)
  7 centaurs
  3 phantoms
  2 necrophages
  13 bullfrogs
  A gnoll sergeant (D:9)
  3 scorpions
  22 killer bees
  4 howler monkeys (D:7)
  Crazy Yiuf (D:2)
  4 jellies
  9 orc priests
  4 hounds
  Jessica (D:2)
  An iguana (D:5)
  14 orc wizards
  6 gnolls
  4 adders
  2 dart slugs (D:1)
  30 orcs
  3 bats
  7 endoplasms
  5 giant cockroaches
  5 goblins
  6 hobgoblins
  8 kobolds
  6 quokkas
  4 ball pythons
  A frilled lizard (D:1)
  8 rats
300 creatures vanquished.

Vanquished Creatures (others)
  97 fulminant prisms
  11 fungi
  11 plants
119 creatures vanquished.

Grand Total: 419 creatures vanquished

Notes
Turn   | Place    | Note
-------+----------+-------------------------------------------
     0 | D:1      | growler the Tengu Conjurer began the quest for the Orb.
     0 | D:1      | Reached XP level 1. HP: 10/10 MP: 4/4
   233 | D:1      | Reached XP level 2. HP: 15/15 MP: 3/6
   238 | D:1      | Learned a level 2 spell: Searing Ray
   791 | D:1      | Found Ramiocwyn's Armour Boutique.
  1120 | D:2      | Reached skill level 6 in Conjurations
  1120 | D:2      | Reached XP level 3. HP: 19/19 MP: 5/8
  1250 | D:2      | Found Xuir's Antique Armour Shop.
  1503 | D:2      | Found a faded altar of an unknown god.
  1647 | D:2      | Reached XP level 4. HP: 24/24 MP: 7/9
  1651 | D:2      | Learned a level 3 spell: Dazzling Flash
  1679 | D:2      | Found a runed translucent door.
  1680 | D:2      | Noticed Crazy Yiuf
  1786 | D:2      | Noticed Jessica
  1792 | D:2      | Killed Jessica
  2026 | D:2      | Killed Crazy Yiuf
  2247 | D:3      | Gained mutation: Your magical nature lets you fly swiftly
                  | and evasively. [Tengu growth]
  2247 | D:3      | Reached XP level 5. HP: 28/28 MP: 9/11
  2252 | D:3      | Learned a level 4 spell: Fulminant Prism
  2280 | D:3      | Reached skill level 7 in Conjurations
  2707 | D:3      | Identified the +4 war axe of Doomed Purpose {flame, rF+ rC+
                  | Stlth+}
  3120 | D:4      | Noticed a black bear
  3387 | D:4      | Noticed Menkaure
  3401 | D:4      | Killed Menkaure
  3402 | D:4      | Reached XP level 6. HP: 11/32 MP: 4/13
  3848 | D:4      | Reached skill level 8 in Conjurations
  3926 | D:4      | Killed a black bear
  3927 | D:4      | Reached XP level 7. HP: 36/36 MP: 3/15
  4086 | D:4      | Reached skill level 5 in Spellcasting
  4086 | D:4      | Reached skill level 9 in Conjurations
  4131 | D:4      | Reached skill level 1 in Fighting
  4246 | D:5      | Entered Level 5 of the Dungeon
  4398 | D:5      | Reached skill level 1 in Hexes
  4682 | D:5      | Reached XP level 8. HP: 44/44 MP: 7/16
  5231 | D:5      | Reached skill level 10 in Conjurations
  5300 | D:5      | Learned a level 4 spell: Iskenderun's Mystic Blast
  5641 | D:6      | Noticed Prince Ribbit
  5649 | D:6      | Killed Prince Ribbit
  5876 | D:6      | Identified the +1 cloak of the Elephant {+Inv Int+2 Dex-2}
  6272 | D:6      | Reached XP level 9. HP: 52/52 MP: 4/18
  6514 | D:6      | Found an ornate altar of the Wu Jian Council.
  6516 | D:6      | Found a stormy altar of Qazlal.
  6534 | D:6      | Found a staircase to the Ecumenical Temple.
  6543 | Temple   | Entered the Ecumenical Temple
  6586 | Temple   | Became a worshipper of Vehumet
  7068 | D:7      | Reached skill level 11 in Conjurations
  7510 | D:7      | Found a shimmering blue altar of Sif Muna.
  7525 | D:7      | Reached skill level 5 in Fighting
  7752 | D:7      | Noticed a manticore
  7797 | D:7      | Killed a manticore
  8070 | D:7      | Reached XP level 10. HP: 45/60 MP: 16/21
  8206 | D:7      | Reached skill level 12 in Conjurations
  8367 | D:7      | Found a large runed translucent door.
  8367 | D:7      | Found a large runed translucent door.
  8455 | D:7      | Found a large runed translucent door.
  8455 | D:7      | Found a large runed translucent door.
  8642 | D:7      | Got the Anthology of Calefaction and Vapour
  9048 | D:8      | Reached skill level 13 in Conjurations
  9074 | D:8      | Found a hazy altar of Hepliaklqana.
  9188 | D:8      | Noticed an orange demon
  9190 | D:8      | Noticed Amaemon
  9199 | D:8      | Killed Amaemon
  9213 | D:8      | Killed an orange demon
  9294 | D:8      | Noticed Maurice
  9302 | D:8      | Killed Maurice
  9302 | D:8      | Reached * piety under Vehumet
  9302 | D:8      | Offered knowledge of Foxfire by Vehumet.
  9302 | D:8      | Noticed Grum
  9303 | D:8      | Reached skill level 14 in Conjurations
  9342 | D:8      | Killed Grum
  9502 | D:8      | Found a blossoming altar of Fedhas.
  9779 | D:8      | Reached XP level 11. HP: 58/69 MP: 17/22
 10057 | D:8      | Learned a level 5 spell: Lightning Bolt
 10087 | D:9      | Noticed a tengu warrior
 10094 | D:9      | Killed a tengu warrior
 10100 | D:9      | Noticed a centaur warrior
 10258 | D:9      | Killed a centaur warrior
 10329 | D:9      | Noticed a cyclops
 10332 | D:9      | Killed a cyclops
 10333 | D:9      | Reached skill level 15 in Conjurations
 10336 | D:9      | Noticed a cyclops
 10657 | D:9      | Found a staircase to the Lair.
 10789 | D:9      | Reached skill level 5 in Air Magic
 10908 | D:9      | Killed a cyclops
 10946 | D:9      | Noticed a manticore
 10948 | D:9      | Killed a manticore
 11271 | D:9      | Found an ancient bone altar of Kikubaaqudgha.
 11300 | D:10     | Entered Level 10 of the Dungeon
 11440 | D:10     | Reached ** piety under Vehumet
 11440 | D:10     | Offered knowledge of Scorch by Vehumet.
 11441 | D:10     | Reached skill level 10 in Fighting
 11726 | D:10     | Found a staircase to the Orcish Mines.
 11834 | D:10     | Found a sparkling altar of Nemelex Xobeh.
 12175 | D:10     | Found a faded altar of an unknown god.
 12175 | D:10     | Found a faded altar of an unknown god.
 12182 | D:10     | Found a basalt altar of Yredelemnul.
 12184 | D:10     | Found a glowing golden altar of the Shining One.
 12186 | D:10     | Found a burning altar of Makhleb.
 12575 | D:10     | Reached XP level 12. HP: 70/78 MP: 11/23
 12600 | D:11     | Noticed a two-headed ogre
 12604 | D:11     | Killed a two-headed ogre
 12605 | D:11     | Reached skill level 16 in Conjurations
 12961 | D:11     | Offered knowledge of Mephitic Cloud by Vehumet.
 13421 | D:11     | Got the Treatise on Poison
 13448 | D:11     | Noticed a boulder beetle
 13456 | D:11     | Killed a boulder beetle
 13996 | Lair:1   | Entered Level 1 of the Lair of Beasts
 14402 | Lair:1   | Reached *** piety under Vehumet
 14553 | Lair:1   | Noticed a six-headed hydra
 14580 | Lair:1   | Killed a six-headed hydra
 14813 | Lair:1   | Reached skill level 17 in Conjurations
 14973 | Lair:1   | Identified the ring "Goqaikha" {rElec rF+ SInv}
 15073 | Lair:1   | You are sucked into a shaft and drop 1 floor!
 15315 | Lair:2   | Reached skill level 10 in Air Magic
 15759 | Lair:2   | Found a hole to the Spider Nest.
 15843 | Lair:2   | Found a staircase to the Shoals.
 15856 | Lair:2   | Offered knowledge of Flame Wave by Vehumet.
 15924 | Lair:2   | Reached XP level 13. HP: 64/85 MP: 21/25
 16921 | Lair:3   | Reached **** piety under Vehumet
 17612 | Lair:3   | Slain by a cane toad

Illustrated notes

Levels and vault maps discovered:
D:1:      ncdulo_lavacross, layout_loops_ring, serial_shops,
          nicolae_shop_waterfront, palyth_stone_intersect
D:2:      layout_rooms, serial_forest, infiniplex_forest_lined_room_,
          infiniplex_forest_lined_3, infiniplex_forest_lined_corner,
          infiniplex_forest_lined_ring, infiniplex_forest_zigzag_1,
          infiniplex_forest_clump_double, infiniplex_forest_end_2, serial_shops,
          nicolae_shop_hallway_stairs, ebering_ecumenical_altar_webs,
          uniq_jessica, uniq_crazy_yiuf_cottage
D:3:      layout_rooms
D:4:      layout_basic, minmay_joined_circles, uniq_menkaure
D:5:      layout_loops_corners, nicolae_ossuary_entry_plus, nrook_mini_vaults
D:6:      layout_gridville, nicolae_overflow_hidden_temple,
          minmay_temple_entry_waves, minmay_crystal_room, uniq_prince_ribbit1
D:7:      layout_loops_ring, mainiacjoe_overflow_tiny_flanked,
          mrwooster_statue_mirror, grunt_ministairs_5,
          minmay_hollow_rounded_squares
D:8:      layout_basic, mainiacjoe_overflow_alcove_4, mainiacjoe_overflow_paths,
          uniq_maurice, uniq_grum, uniq_amaemon
D:9:      layout_loops_ring, lemuel_coloured_pillars_altar, minmay_evil_grid
D:10:     layout_stronghold, chequers_temple_overflow_minitemple,
          old_standard_altar, orc_0_dummy
D:11:     layout_loops_ring
D:12:     layout_roguey, jiyva_altar_1
Temple:   nicolae_temple_x_marks_the_god
Lair:1:   layout_misc_corridors
Lair:2:   layout_cave_pods, elwin_shoals_entry_stream,
          hellmonk_spider_entry_not_the_bees
Lair:3:   layout_regular_city, evilmike_ambush [evilmike_ambush_outer_pillars,
          evilmike_ambush_inner_basic], lemuel_fruit_fields, grunt_megastairs_5

Skill      XL: |  1  2  3  4  5  6  7  8  9 10 11 12 13 |
---------------+----------------------------------------+-----
Conjurations   | 6 7 8 9 10 11 14 15 17 | 17.8
Spellcasting   | 3 4 5 6 7 8 |  8.1
Fighting       | 2 4 5 8 10 11 12 | 12.3
Hexes          | 1 3 4 |  4.0
Air Magic      | 7 10 11 | 11.3
Dodging        | |  2.1
Stealth        | |  2.0

Action                   |  1- 3 |  4- 6 |  7- 9 | 10-12 | 13-15 || total
-------------------------+-------+-------+-------+-------+-------++-------
Melee: Kick              |     2 |     1 |     4 |    13 |     5 ||    25
       Unarmed           |     2 |       |       |       |       ||     2
       War axe           |       |    11 |    13 |    39 |    16 ||    79
       Peck              |       |     2 |     3 |     9 |     4 ||    18
 Cast: Magic Dart        |    51 |    60 |   138 |    95 |       ||   344
       Searing Ray       |     1 |    11 |    22 |    18 |     2 ||    54
       Fulminant Prism   |       |     1 |    21 |    62 |    13 ||    97
       Iskenderun's Myst |       |       |       |    48 |       ||    48
       Lightning Bolt    |       |       |       |    69 |    34 ||   103
  Use: Scroll            |       |       |    16 |     9 |     1 ||    26
       Potion            |       |       |     1 |     1 |       ||     2
 Stab: Sleeping          |       |       |       |     1 |       ||     1
Armor: Robe              |     1 |     6 |    19 |    10 |       ||    36
       Steam dragon scal |       |       |       |    62 |    16 ||    78
Dodge: Dodged            |       |    19 |    50 |   164 |    47 ||   280
Block: Buckler           |       |       |       |    24 |     8 ||    32
